Map: Odyssey LE

Players

Awers (Hades)

  • Race: Terran Terran
  • Spawn Location: 5:00

Snute - Winner!

  • Race: Zerg Zerg
  • Spawn Location: 11:00

Event: WCS Jonkoping 2017

VOD

Have the link to the VOD?

Description

Time

  • Played on: June 17, 2017, 9:43 a.m.
  • Length: 12:46

All games in this series

Show
View Real Time Build Order
Export as new Build Order

Awers Terran 

Build Orders: Reaper Expand, Hellion Banshee, Mech 

Get SALT Encoding   

  12  0:01  SCV  
  13  0:13  SCV  
  14  0:18  Supply Depot  
  14  0:25  SCV  
  15  0:39  SCV  
  15  0:42  Barracks  
  16  0:45  Refinery  
  16  0:53  SCV  
  17  1:05  SCV  
  18  1:18  SCV  
  19  1:30  Orbital Command, Reaper  
  20  1:41  Command Center  
  20  1:49  Supply Depot  
  20  1:55  SCV  
  21  2:02  Marine  
  21  2:07  Factory  
  22  2:10  SCV  
  23  2:22  Barracks Reactor  
  23  2:23  SCV  
  24  2:31  Refinery  
  24  2:37  SCV  
  25  2:49  SCV  
  26  2:53  Command Center  
  26  2:58  Orbital Command  
  26  3:02  SCV  
  27  3:13  Starport  
  27  3:14  SCV  
  27  3:19  Hellion  
  30  3:26  Hellion  
  32  3:28  SCV  
  32  3:32  SCV  
  34  3:36  Barracks Tech Lab  
  34  3:40  SCV  
  35  3:44  Hellion, SCV  
  38  3:49  Hellion  
  38  3:52  SCV  
  41  3:57  SCV  
  41  3:59  Cloaking Field  
  41  4:00  Banshee  
  44  4:05  Orbital Command  
  44  4:06  SCV  
  44  4:09  SCV  
  46  4:15  Hellion  
  46  4:16  Hellion  
  50  4:18  SCV  
  50  4:22  Armory  
  50  4:23  SCV  
  52  4:30  Supply Depot  
  52  4:31  SCV  
  53  4:34  SCV  
  55  4:38  SCV  
  55  4:43  Factory, Banshee  
  58  4:46  SCV  
  58  4:47  SCV  
  58  4:49  Refinery  
  58  4:51  Refinery  
  60  4:54  SCV  
  60  4:57  Barracks Tech Lab  
  61  5:01  SCV x2  
  61  5:03  Hellion x2  
  67  5:07  Supply Depot  
  67  5:09  Factory  
  67  5:14  SCV  
  67  5:15  SCV  
  67  5:17  Terran Vehicle Weapons Level 1  
  69  5:28  SCV  
  69  5:33  Orbital Command  
  69  5:34  Hellion x2  
  69  5:35  Supply Depot  
  74  5:37  SCV, Supply Depot  
  75  5:51  Factory  
  75  5:54  Supply Depot  
  75  5:55  Factory Tech Lab  
  75  5:56  Siege Tank, Banshee  
  81  5:59  SCV  
  81  6:00  Barracks Reactor, SCV  
  81  6:01  SCV  
  84  6:11  SCV  
  84  6:14  Hellion x2  
  84  6:15  SCV  
  90  6:19  Refinery x2  
  90  6:23  SCV, Infernal Pre-Igniter  
  91  6:27  SCV  
  91  6:30  Factory  
  92  6:35  SCV  
  92  6:39  SCV  
  93  6:40  SCV, Supply Depot  
  93  6:41  Engineering Bay  
  93  6:43  Thor  
  100  6:48  SCV  
  101  7:00  Supply Depot x2  
  101  7:02  Thor, SCV x3  
  101  7:07  Hellion x2  
  112  7:12  Hellion  
  112  7:13  Hellion  
  112  7:14  SCV  
  117  7:16  Supply Depot  
  117  7:18  Terran Vehicle Weapons Level 2, Factory Tech Lab  
  117  7:21  SCV x2  
  117  7:22  Armory  
  119  7:26  SCV  
  119  7:27  Hellion  
  122  7:32  Hellion x2  
  122  7:33  SCV, Raven  
  129  7:38  Siege Tank  
  129  7:39  Hellion x2  
  129  7:42  Supply Depot  
  136  7:45  SCV  
  136  7:47  Supply Depot  
  137  7:54  Siege Tank, Command Center  
  140  8:03  Siege Tank  
  140  8:16  Siege Tank, Hellion  
  140  8:19  Hyperflight Rotors  
  128  8:22  Hellion x3  
  128  8:26  Siege Tank  
  132  8:30  SCV  
  132  8:31  SCV  
  134  8:36  Hellion  
  134  8:38  Hellion  
  138  8:45  Hellion x3  
  144  8:48  Siege Tank  
  144  8:49  SCV x2  
  149  8:57  Thor  
  155  9:02  Supply Depot  
  155  9:05  Siege Tank  
  155  9:08  Missile Turret  
  144  9:26  Siege Tank, Hellion  
  144  9:28  Hellion  
  149  9:37  Thor  
  134  9:40  Siege Tank  
  134  9:41  Hellion  
  134  9:45  Hellion  
  116  9:47  Hellion  
  116  9:48  Raven  
  116  9:49  Hellion  
  122  9:58  Siege Tank  
  125  10:00  Orbital Command  
  125  10:02  Hellion  
  125  10:03  Terran Vehicle Weapons Level 3  
  125  10:04  Terran Vehicle And Ship Armor Level 1  
  125  10:07  Hellion  
  128  10:21  Hellion x3  
  130  10:22  Orbital Command  
  130  10:24  SCV  
  129  10:33  Siege Tank, Hellion x2  
  134  10:42  Siege Tank, Hellion  
  139  10:47  Siege Tank  
  139  10:48  Hellion  
  144  10:55  Orbital Command  
  144  10:56  Banshee  
  147  11:02  SCV, Starport, Sensor Tower  
  148  11:13  Starport  
  148  11:20  Missile Turret  
  148  11:27  Thor  
  148  11:28  Thor  
  148  11:45  Hellion, Thor  
  134  11:50  Hellion  
  134  11:51  Hellion  
  134  11:54  Viking  
  123  12:01  Viking  
  125  12:08  Viking  
  125  12:10  Siege Tank  
Show
View Real Time Build Order
Export as new Build Order

Snute Zerg - Winner!

Build Orders: Pool First, Swarm Host 

Get SALT Encoding   

  12  0:00  Drone  
  13  0:12  Overlord  
  13  0:16  Drone  
  14  0:30  Drone x2  
  14  0:34  Drone  
  17  0:45  Spawning Pool  
  17  0:48  Drone  
  18  1:11  Drone  
  18  1:12  Hatchery  
  18  1:13  Drone  
  18  1:16  Extractor  
  18  1:18  Drone  
  18  1:31  Queen  
  18  1:32  Zergling x2  
  21  1:38  Overlord  
  21  1:49  Drone  
  22  2:00  Drone  
  23  2:07  Queen  
  25  2:10  Drone  
  25  2:15  Metabolic Boost  
  26  2:22  Drone  
  27  2:23  Queen  
  27  2:24  Drone  
  29  2:32  Drone  
  29  2:34  Drone  
  31  2:40  Drone x3  
  34  2:50  Overlord  
  34  2:51  Drone  
  35  3:04  Overlord  
  35  3:07  Zergling x2  
  35  3:09  Zergling x4  
  38  3:13  Hatchery  
  38  3:15  Drone x2, Overlord  
  38  3:18  Drone x2  
  41  3:21  Overlord  
  41  3:24  Drone  
  41  3:25  Drone  
  43  3:30  Drone x2  
  45  3:41  Drone x2  
  45  3:42  Drone  
  45  3:44  Drone x2  
  50  3:53  Drone x2  
  50  3:54  Drone x2  
  54  3:55  Drone  
  54  4:01  Queen x2  
  54  4:02  Extractor  
  58  4:04  Drone  
  58  4:07  Drone  
  60  4:12  Drone x3  
  60  4:16  Evolution Chamber x2, Drone  
  62  4:18  Roach Warren, Drone  
  62  4:21  Drone x2  
  64  4:25  Queen  
  64  4:31  Zergling x8  
  68  4:36  Overlord  
  68  4:37  Drone  
  71  4:45  Zerg Ground Armor Level 1  
  71  4:49  Overlord  
  71  4:50  Drone x3  
  71  4:51  Zerg Missile Weapons Level 1  
  71  4:52  Spore Crawler  
  73  4:54  Spore Crawler  
  73  4:55  Spore Crawler  
  73  4:58  Drone  
  73  4:59  Drone x2  
  74  5:00  Drone  
  75  5:07  Drone x6  
  75  5:08  Drone  
  75  5:10  Drone  
  75  5:14  Lair  
  82  5:16  Extractor  
  82  5:19  Roach x2  
  84  5:24  Roach  
  84  5:26  Zergling x6  
  88  5:41  Overlord  
  88  5:42  Overlord  
  88  5:45  Extractor x2  
  86  5:50  Overlord  
  86  5:53  Overlord x2  
  86  5:54  Hatchery, Drone x4  
  86  5:55  Drone  
  86  5:56  Extractor  
  90  5:57  Drone  
  90  5:59  Drone  
  90  6:02  Drone  
  90  6:03  Drone x2  
  94  6:05  Drone  
  94  6:10  Drone x2  
  97  6:13  Infestation Pit  
  97  6:15  Overlord x2  
  94  6:22  Roach x5  
  94  6:23  Roach  
  103  6:26  Overlord  
  103  6:27  Roach  
  103  6:28  Roach  
  107  6:38  Overseer  
  106  6:41  Overlord  
  106  6:47  Drone  
  106  6:50  Drone x4  
  106  6:51  Swarm Host x6  
  129  6:55  Pneumatized Carapace  
  129  6:58  Extractor  
  129  6:59  Swarm Host x2  
  134  7:07  Queen x2  
  134  7:08  Swarm Host x2  
  142  7:16  Queen  
  142  7:17  Drone x2  
  142  7:20  Spore Crawler  
  146  7:22  Drone, Spine Crawler  
  146  7:23  Spine Crawler, Drone x4  
  148  7:38  Queen  
  148  7:40  Zerg Missile Weapons Level 2  
  148  7:43  Queen x2  
  154  7:53  Swarm Host x4  
  166  8:00  Hatchery  
  162  8:15  Swarm Host x2  
  166  8:26  Overlord x4  
  166  8:27  Overlord  
  166  8:29  Hive  
  166  8:31  Hatchery  
  166  8:34  Overlord  
  165  8:43  Zerg Ground Armor Level 2  
  165  8:45  Swarm Host  
  165  8:46  Swarm Host x7  
  198  8:52  Ravager  
  198  8:53  Ravager x2  
  198  8:54  Ravager  
  198  8:55  Ravager, Zergling x10  
  196  8:58  Baneling Nest  
  198  9:15  Extractor x2  
  192  9:21  Ravager  
  180  9:43  Roach x11  
  196  9:51  Zergling x2  
  196  9:52  Zergling x4  
  196  10:00  Zerg Missile Weapons Level 3  
  196  10:01  Ultralisk Cavern, Hydralisk Den  
  194  10:09  Spore Crawler  
  193  10:20  Spine Crawler  
  192  10:32  Muscular Augments  
  192  10:34  Centrifical Hooks  
  174  10:46  Viper x3  
  174  10:47  Viper  
  174  10:49  Chitinous Plating  
  186  10:54  Glial Reconstitution  
  186  11:14  Ultralisk  
  186  11:15  Ultralisk  
  186  11:16  Hatchery  
  183  11:50  Hydralisk x7  
  183  11:53  Hydralisk x4  
  176  12:01  Overseer x3  
  179  12:03  Ultralisk  
  179  12:04  Ultralisk  
  179  12:06  Hydralisk x4  
  199  12:24  Zergling x2  
  199  12:25  Extractor  
  199  12:30  Extractor  
Tags
 
Add a new tag
Caveats
  • Supply blocks, unpowered buildings, or Contaminate may cause inaccurate times.
  • Supply counts are checked every 10 seconds.